[Event "Hungarian Youth-ch I 2024"]
[Site "Szolnok"]
[Date "2024.04.02"]
[Round "3.19"]
[White "Golya, David"]
[Black "Cser, Matyas"]
[Result "1-0"]
[ECO "B06"]
[WhiteElo "1672"]
[BlackElo "1420"]
[Annotator "NA RC"]
[PlyCount "63"]
[EventDate "2024.03.31"]
[EventType "swiss"]
[EventCountry "HUN"]
[SourceTitle "playchess.com"]
[Source "ChessBase"]
[SourceQuality "1"]
[TimeControl "5400+30"]

1. e4 g6 2. d4 Bg7 3. Nf3 d6 4. Nc3 Nd7 5. Bc4 e6 6. O-O Ne7 7. Be3 O-O 8. Qd2 b6 9. Bh6 Bb7 10. d5 e5 11. Bxg7 Kxg7 12. h4 h5 13. Ng5 Ng8 14. f4 exf4 15. Qxf4 Ne5 16. Rf2 Qe7 17. Be2 Rad8 18. Raf1 Nh6 19. Nb5 a6 20. Nd4 Qd7 21. Qf6+ Kg8 22. Nde6 fxe6 23. Qxf8+ Rxf8 24. Rxf8+ Kg7 25. Nxe6+ Kh7 26. Rb8 c6 27. Nf8+ Kg7 28. Nxd7 cxd5 29. Rxb7 dxe4 30. Nxe5+ Kh8 31. Nxg6+ Kg8 32. Bc4+ 1-0

[Event "Hungarian Youth-ch I 2024"]
[Site "Szolnok"]
[Date "2024.04.02"]
[Round "3.20"]
[White "Tari, Arpad"]
[Black "Nagy, Norbert"]
[Result "0-1"]
[ECO "B23"]
[WhiteElo "1491"]
[BlackElo "1629"]
[Annotator "NA RC"]
[PlyCount "66"]
[EventDate "2024.03.31"]
[EventType "swiss"]
[EventCountry "HUN"]
[SourceTitle "playchess.com"]
[Source "ChessBase"]
[SourceQuality "1"]
[TimeControl "5400+30"]

1. e4 c5 2. Nc3 e6 3. Bc4 Nc6 4. f4 Nge7 5. Nf3 d5 6. exd5 exd5 7. Bb5 Ng6 8. d4 a6 9. Bxc6+ bxc6 10. O-O Be7 11. Qd3 O-O 12. f5 c4 13. Qe2 Bxf5 14. Ne5 Nxe5 15. Qxe5 Bxc2 16. Bf4 Bf6 17. Qe3 Re8 18. Qd2 Bd3 19. Rf3 Bxd4+ 20. Kh1 Bxc3 21. Qxc3 d4 22. Qc1 Be4 23. Rg3 Qd5 24. Bh6 Bg6 25. Bd2 Re2 26. Bf4 Rae8 27. Qf1 d3 28. Rd1 d2 29. Bxd2 Rxd2 30. Re1 Rxe1 31. Qxe1 Rd1 32. Re3 Rxe1+ 33. Rxe1 f6 0-1

[Event "Hungarian Youth-ch I 2024"]
[Site "Szolnok"]
[Date "2024.04.03"]
[Round "4.1"]
[White "Bekesi, Aron"]
[Black "Kocsmar, Akos"]
[Result "0-1"]
[ECO "B40"]
[WhiteElo "1783"]
[BlackElo "2029"]
[Annotator "NA RC"]
[PlyCount "80"]
[EventDate "2024.03.31"]
[EventType "swiss"]
[EventCountry "HUN"]
[SourceTitle "playchess.com"]
[Source "ChessBase"]
[SourceQuality "1"]
[TimeControl "5400+30"]

1. e4 c5 2. Nf3 e6 3. d4 cxd4 4. Nxd4 Nf6 5. Nc3 Nc6 6. Bg5 Bb4 7. Nxc6 bxc6 8. Qf3 e5 9. a3 Be7 10. Bc4 O-O 11. O-O-O d6 12. Bxf6 Bxf6 13. Qd3 Be7 14. g3 Rb8 15. f4 Qb6 16. Na4 Qa5 17. Bb3 Ba6 18. Qc3 Qxc3 19. Nxc3 exf4 20. gxf4 Rfd8 21. e5 d5 22. Ba4 Rb6 23. f5 Rdb8 24. b4 Bc8 25. Ne2 Bxf5 26. Nd4 Bd7 27. Kb2 a5 28. c3 R8b7 29. Rhf1 c5 30. Bxd7 Rxd7 31. Nf5 Bf8 32. Kc2 axb4 33. axb4 cxb4 34. cxb4 Rxb4 35. Rd4 Rc7+ 36. Kd3 Rb3+ 37. Ke2 Rc2+ 38. Rd2 Rxd2+ 39. Kxd2 Rb2+ 40. Kd3 Rxh2 0-1

[Event "Hungarian Youth-ch I 2024"]
[Site "Szolnok"]
[Date "2024.04.03"]
[Round "4.2"]
[White "Herpai, Jozsef Matyas"]
[Black "Gathi, Donat"]
[Result "0-1"]
[ECO "C51"]
[WhiteElo "2037"]
[BlackElo "2192"]
[Annotator "RC"]
[PlyCount "100"]
[EventDate "2024.03.31"]
[EventType "swiss"]
[EventCountry "HUN"]
[SourceTitle "playchess.com"]
[Source "ChessBase"]
[SourceQuality "1"]
[TimeControl "5400+30"]

1. e4 e5 2. Nf3 Nc6 3. Bc4 Bc5 4. b4 Bb6 5. a4 a6 6. Nc3 Nf6 7. Nd5 d6 8. Nxb6 cxb6 9. d3 Nxb4 10. c3 Nc6 11. h3 O-O 12. Ba3 Re8 13. O-O d5 14. exd5 Nxd5 15. Re1 Nf4 16. d4 e4 17. Qb3 Qf6 18. Bc1 Be6 19. Bxe6 Rxe6 20. Bxf4 Qxf4 21. Ne5 Nxe5 22. dxe5 Qxe5 23. Rad1 h6 24. Rd4 Qf5 25. Qc2 Rae8 26. f3 Qc5 27. Rexe4 Rxe4 28. fxe4 Rc8 29. Qd3 Qxc3 30. Rd8+ Kh7 31. Qxc3 Rxc3 32. Rd7 Rc4 33. Rxf7 Rxa4 34. Rxb7 b5 35. e5 Kg6 36. e6 Kf6 37. e7 Kf7 38. Kf2 b4 39. Kf3 a5 40. e8=Q+ Kxe8 41. Ke3 Kf8 42. Kd4 b3+ 43. Kc3 Ra3 44. Kb2 Ra2+ 45. Kxb3 Rxg2 46. Ra7 Rg3+ 47. Kc4 Rxh3 48. Rxa5 Re3 49. Kd4 Re1 50. Ra7 Re7 0-1

[Event "Hungarian Youth-ch I 2024"]
[Site "Szolnok"]
[Date "2024.04.03"]
[Round "4.3"]
[White "Jankovics, Emod"]
[Black "Szikszai, Bertalan"]
[Result "0-1"]
[ECO "A45"]
[WhiteElo "1699"]
[BlackElo "2312"]
[Annotator "RC"]
[PlyCount "64"]
[EventDate "2024.03.31"]
[EventType "swiss"]
[EventCountry "HUN"]
[SourceTitle "playchess.com"]
[Source "ChessBase"]
[SourceQuality "1"]
[TimeControl "5400+30"]

1. d4 Nf6 2. Nc3 d5 3. Bf4 a6 4. e3 e6 5. a3 c5 6. Nf3 b5 7. Be2 Bb7 8. O-O Nc6 9. Ne5 Be7 10. Qd2 O-O 11. Nxc6 Bxc6 12. Rfc1 Qb6 13. Bd3 c4 14. Be2 a5 15. Nd1 b4 16. a4 Ne4 17. Qe1 b3 18. f3 Nf6 19. h3 bxc2 20. Rxc2 Bxa4 21. Rxa4 Qb3 22. Rcxc4 dxc4 23. Rxc4 Nd5 24. Be5 Bf6 25. e4 Bxe5 26. exd5 exd5 27. Rc6 Bxd4+ 28. Kf1 Bxb2 29. Rc5 Bf6 30. Qd2 Rfd8 31. Rb5 Qa3 32. Nc3 Qxc3 0-1

[Event "Hungarian Youth-ch I 2024"]
[Site "Szolnok"]
[Date "2024.04.03"]
[Round "4.4"]
[White "Fule, Simon"]
[Black "Barna, Peter"]
[Result "1-0"]
[ECO "C42"]
[WhiteElo "2262"]
[BlackElo "1702"]
[Annotator "RC"]
[PlyCount "53"]
[EventDate "2024.03.31"]
[EventType "swiss"]
[EventCountry "HUN"]
[SourceTitle "playchess.com"]
[Source "ChessBase"]
[SourceQuality "1"]
[TimeControl "5400+30"]

1. e4 e5 2. Nf3 Nf6 3. Nxe5 d6 4. Nf3 Nxe4 5. d4 d5 6. Bd3 Bd6 7. O-O O-O 8. c4 c6 9. h3 Bf5 10. Nc3 Nxc3 11. bxc3 Bxd3 12. Qxd3 Nd7 13. Rb1 b6 14. Bg5 Nf6 15. Ne5 Rc8 16. Bxf6 gxf6 17. Ng4 Bf4 18. Qf5 Bg5 19. f4 Bh4 20. g3 Qe7 21. gxh4 Kg7 22. Rbe1 Qd6 23. Kh2 h5 24. Rg1 hxg4 25. Qxg4+ Kh6 26. Qg7+ Kh5 27. Qh7# 1-0

[Event "Hungarian Youth-ch I 2024"]
[Site "Szolnok"]
[Date "2024.04.03"]
[Round "4.5"]
[White "Frank, Balint"]
[Black "Gulacsi, Donat Ferenc"]
[Result "1/2-1/2"]
[ECO "E06"]
[WhiteElo "1939"]
[BlackElo "1912"]
[Annotator "RC"]
[PlyCount "80"]
[EventDate "2024.03.31"]
[EventType "swiss"]
[EventCountry "HUN"]
[SourceTitle "playchess.com"]
[Source "ChessBase"]
[SourceQuality "1"]
[TimeControl "5400+30"]

1. d4 d5 2. c4 e6 3. Nf3 Nf6 4. g3 Be7 5. Bg2 O-O 6. O-O Ne4 7. Bf4 f5 8. h4 c6 9. Ne5 Nd7 10. Nd2 g5 11. hxg5 Bxg5 12. Nxe4 Bxf4 13. gxf4 fxe4 14. e3 Nxe5 15. dxe5 Qh4 16. f3 Kh8 17. fxe4 Rg8 18. exd5 exd5 19. e6 Bxe6 20. Qd4+ Rg7 21. f5 Qxd4 22. exd4 Rag8 23. fxe6 Rxg2+ 24. Kh1 R2g6 25. Rf2 Rxe6 26. cxd5 cxd5 27. Rc1 b6 28. Rc7 Rh6+ 29. Rh2 Rxh2+ 30. Kxh2 Rg4 31. Rxa7 Rxd4 32. Kg3 Rd2 33. b4 Re2 34. Kf3 Re4 35. a3 h5 36. Rd7 Rd4 37. Ke3 Rd1 38. Rd6 Ra1 39. Rxd5 Rxa3+ 40. Kf4 Rc3 1/2-1/2

[Event "Hungarian Youth-ch I 2024"]
[Site "Szolnok"]
[Date "2024.04.03"]
[Round "4.6"]
[White "Foldes, Marton Gabor"]
[Black "Kolimar, Kristof Pal"]
[Result "0-1"]
[ECO "B50"]
[WhiteElo "2162"]
[BlackElo "2282"]
[Annotator "RC"]
[PlyCount "114"]
[EventDate "2024.03.31"]
[EventType "swiss"]
[EventCountry "HUN"]
[SourceTitle "playchess.com"]
[Source "ChessBase"]
[SourceQuality "1"]
[TimeControl "5400+30"]

1. e4 c5 2. Nf3 d6 3. Nc3 a6 4. g3 g6 5. Bg2 Bg7 6. O-O Nc6 7. d3 Bg4 8. h3 Bxf3 9. Bxf3 Nf6 10. Be3 Nd7 11. a4 Rb8 12. Rb1 Nd4 13. Bg2 b5 14. axb5 axb5 15. Ne2 b4 16. Qd2 O-O 17. Nxd4 cxd4 18. Bh6 Qb6 19. Bxg7 Kxg7 20. b3 Rfc8 21. f4 Qc5 22. Rf2 Ra8 23. e5 Ra2 24. exd6 Qxd6 25. Rc1 Rc3 26. Qe1 Qc5 27. f5 gxf5 28. Qd2 h6 29. g4 fxg4 30. hxg4 Qg5 31. Qxg5+ hxg5 32. Rf5 f6 33. Rd5 Nc5 34. Re1 e6 35. Rxd4 Rcxc2 36. Bh1 Ra7 37. Rd1 Rb2 38. Rxb4 Nxd3 39. Rd4 Nf4 40. Rd7+ Rxd7 41. Rxd7+ Kf8 42. Rb7 Ne2+ 43. Kf2 Nc1+ 44. Ke1 Rxb3 45. Rc7 Nd3+ 46. Ke2 Ne5 47. Ra7 Rb2+ 48. Kf1 Rb1+ 49. Kg2 Nxg4 50. Ra6 Kf7 51. Ra7+ Kg6 52. Ra6 Re1 53. Kg3 Rxh1 54. Kxg4 f5+ 55. Kf3 Kf6 56. Ra8 g4+ 57. Kg2 Rc1 0-1

[Event "Hungarian Youth-ch I 2024"]
[Site "Szolnok"]
[Date "2024.04.03"]
[Round "4.7"]
[White "Szegedy, Matyas"]
[Black "Turcsanyi, Vince Gergo"]
[Result "1/2-1/2"]
[ECO "C72"]
[WhiteElo "2177"]
[BlackElo "2247"]
[Annotator "RC"]
[PlyCount "109"]
[EventDate "2024.03.31"]
[EventType "swiss"]
[EventCountry "HUN"]
[SourceTitle "playchess.com"]
[Source "ChessBase"]
[SourceQuality "1"]
[TimeControl "5400+30"]

1. e4 e5 2. Nf3 Nc6 3. Bb5 a6 4. Ba4 d6 5. O-O Bd7 6. c3 g5 7. d4 g4 8. Ne1 h5 9. f4 exd4 10. cxd4 d5 11. exd5 Nce7 12. Nc3 Nf6 13. Nd3 Bxa4 14. Qxa4+ b5 15. Qb3 Bg7 16. Ne5 O-O 17. f5 Qd6 18. Bg5 Nexd5 19. Rac1 Nxc3 20. bxc3 c5 21. Bf4 c4 22. Qc2 Qb6 23. h3 Rfe8 24. Rce1 Nd5 25. Qf2 Nxc3 26. hxg4 hxg4 27. Bg3 Nd5 28. f6 Nxf6 29. Nd7 Nxd7 30. Qxf7+ Kh7 31. Rxe8 Rxe8 32. Qxe8 Qxd4+ 33. Bf2 Qd5 34. Qe2 Nf6 35. Re1 Qf5 36. Qe7 Qd3 37. Re6 g3 38. Bxg3 Qxg3 39. Rxf6 Qd3 40. Rf3 Qb1+ 41. Kh2 Qg6 42. Rh3+ Kg8 43. Qd8+ Kf7 44. Qd7+ Kg8 45. Qd5+ Qf7 46. Qd8+ Qf8 47. Qd5+ Qf7 48. Qe4 Qc7+ 49. Kh1 Qe5 50. Qh7+ Kf8 51. Rf3+ Ke7 52. Rf1 c3 53. Qh4+ Bf6 54. Qh7+ Bg7 55. Qh4+ 1/2-1/2

[Event "Hungarian Youth-ch I 2024"]
[Site "Szolnok"]
[Date "2024.04.03"]
[Round "4.8"]
[White "Bodrogi, Bendeguz"]
[Black "Gergely, Daniel"]
[Result "1-0"]
[ECO "A07"]
[WhiteElo "2316"]
[BlackElo "2230"]
[Annotator "RC"]
[PlyCount "149"]
[EventDate "2024.03.31"]
[EventType "swiss"]
[EventCountry "HUN"]
[SourceTitle "playchess.com"]
[Source "ChessBase"]
[SourceQuality "1"]
[TimeControl "5400+30"]

1. Nf3 d5 2. g3 c6 3. Bg2 Nf6 4. O-O Bg4 5. d4 Nbd7 6. c4 e6 7. h3 Bf5 8. Nc3 h6 9. Nd2 Be7 10. e4 dxe4 11. Ndxe4 Nxe4 12. Nxe4 Nf6 13. Nc3 O-O 14. Be3 Rc8 15. Qb3 Qd7 16. Rfd1 Bd6 17. a4 Rfd8 18. a5 Qe7 19. Re1 Qd7 20. a6 b6 21. Rad1 Re8 22. Qa4 Red8 23. Rd2 Kh8 24. Ra1 Qe8 25. Re1 Qd7 26. Rdd1 Kg8 27. Rc1 Bd3 28. b3 Bf5 29. b4 Bd3 30. b5 c5 31. Bc6 Qe7 32. Rcd1 cxd4 33. Bxd4 Bf5 34. Kg2 Nh5 35. Ne4 Bb4 36. Re3 e5 37. Bb2 Rxd1 38. Qxd1 Nf6 39. Nxf6+ gxf6 40. Qh5 Bg6 41. Qh4 Rd8 42. Bxe5 fxe5 43. Qxh6 Bd2 44. h4 Bxe3 45. Qxe3 Rd4 46. Qe2 e4 47. h5 Bf5 48. Qe3 Rxc4 49. Qf4 Rd4 50. Qxf5 e3 51. fxe3 Qxe3 52. Bf3 Rd2+ 53. Kh3 Qe6 54. Qxe6 fxe6 55. Kg4 Kg7 56. Kg5 Rd3 57. h6+ Kf7 58. Bh5+ Kg8 59. g4 Rd5+ 60. Kg6 Rxb5 61. h7+ Kh8 62. g5 Rb2 63. Kh6 Rh2 64. g6 Rg2 65. Be2 Rh2+ 66. Bh5 Rg2 67. Be2 e5 68. Bd3 Rh2+ 69. Kg5 Kg7 70. Kf5 Rh5+ 71. Ke6 Rh3 72. Bf5 b5 73. Bxh3 e4 74. h8=Q+ Kxh8 75. Kf7 1-0

[Event "Hungarian Youth-ch I 2024"]
[Site "Szolnok"]
[Date "2024.04.03"]
[Round "4.9"]
[White "Megyaszai, Balazs"]
[Black "Csernyik, Mark"]
[Result "0-1"]
[ECO "B40"]
[WhiteElo "2029"]
[BlackElo "2016"]
[Annotator "NA RC"]
[PlyCount "85"]
[EventDate "2024.03.31"]
[EventType "swiss"]
[EventCountry "HUN"]
[SourceTitle "playchess.com"]
[Source "ChessBase"]
[SourceQuality "1"]
[TimeControl "5400+30"]

1. e4 c5 2. Nf3 e6 3. d4 cxd4 4. Nxd4 Nf6 5. Nc3 Nc6 6. Ndb5 Bb4 7. a3 Bxc3+ 8. Nxc3 d5 9. exd5 exd5 10. Bd3 O-O 11. O-O Bg4 12. f3 Bh5 13. Ne2 Qb6+ 14. Kh1 Bg6 15. Nf4 Bxd3 16. Nxd3 $11 d4 17. Nf4 Rfe8 18. b3 Qc7 19. Bd2 Rad8 20. Re1 Ne7 21. Nd3 Ned5 22. Rc1 Nc3 23. Bxc3 Qxc3 24. Rxe8+ Rxe8 25. Nf4 Qe3 26. Nd3 Nd5 27. Qe1 Rc8 28. Qxe3 Nxe3 29. Ne1 b5 30. Kg1 a5 31. Kf2 Rc3 32. Ke2 a4 33. bxa4 bxa4 34. Rb1 g6 35. Rb4 Nxc2 36. Nxc2 d3+ 37. Kd2 dxc2 38. Kc1 Rxa3 39. g4 Rxf3 40. Rxa4 Rh3 41. Kxc2 Rxh2+ 42. Kd3 Rh4 43. Kd4 0-1

[Event "Hungarian Youth-ch I 2024"]
[Site "Szolnok"]
[Date "2024.04.03"]
[Round "4.10"]
[White "Panda, Barnabas"]
[Black "Gyorfi, Adam"]
[Result "1-0"]
[ECO "E32"]
[WhiteElo "2066"]
[BlackElo "2042"]
[Annotator "RC"]
[PlyCount "37"]
[EventDate "2024.03.31"]
[EventType "swiss"]
[EventCountry "HUN"]
[SourceTitle "playchess.com"]
[Source "ChessBase"]
[SourceQuality "1"]
[TimeControl "5400+30"]

1. d4 Nf6 2. c4 e6 3. Nc3 Bb4 4. Qc2 O-O 5. Nf3 d5 6. Bg5 dxc4 7. e3 b5 8. a4 c6 9. Bxf6 Qxf6 10. axb5 Bb7 11. bxc6 Nxc6 12. Bxc4 e5 13. O-O exd4 14. Nd5 Qd6 15. Ng5 g6 16. Qb3 Kg7 17. Nxb4 Qxb4 18. Bxf7 h6 19. Qe6 1-0

[Event "Hungarian Youth-ch I 2024"]
[Site "Szolnok"]
[Date "2024.04.03"]
[Round "4.11"]
[White "Lehocz, Jozsef Jr."]
[Black "Sinoros-Szabo, Daniel"]
[Result "1-0"]
[ECO "A01"]
[WhiteElo "2143"]
[BlackElo "1971"]
[Annotator "RC"]
[PlyCount "73"]
[EventDate "2024.03.31"]
[EventType "swiss"]
[EventCountry "HUN"]
[SourceTitle "playchess.com"]
[Source "ChessBase"]
[SourceQuality "1"]
[TimeControl "5400+30"]

1. b3 e5 2. Bb2 Nc6 3. e3 Nf6 4. Bb5 e4 5. d4 a6 6. Bxc6 dxc6 7. c4 Bd6 8. Nc3 c5 9. dxc5 Bxc5 10. Qxd8+ Kxd8 11. O-O-O+ Ke7 12. Nd5+ Nxd5 13. Rxd5 b6 14. Ne2 f6 15. Ng3 Bd6 16. Nxe4 Bb7 17. Nxd6 Bxd5 18. Nf5+ Ke6 19. Nd4+ Kd6 20. cxd5 Kxd5 21. Rd1 Rhg8 22. f3 c5 23. Nf5+ Ke6 24. e4 Rad8 25. Nxg7+ Kf7 26. Rxd8 Rxd8 27. Nh5 Kg6 28. Nxf6 h5 29. Nd5 h4 30. Nf4+ Kf7 31. g4 hxg3 32. hxg3 b5 33. Kc2 a5 34. g4 b4 35. Nd3 Rc8 36. f4 Ke7 37. Ne5 1-0

[Event "Hungarian Youth-ch I 2024"]
[Site "Szolnok"]
[Date "2024.04.03"]
[Round "4.12"]
[White "Kovacs, Kristof"]
[Black "Feher, Botond"]
[Result "0-1"]
[ECO "D02"]
[WhiteElo "2000"]
[BlackElo "2018"]
[Annotator "RC"]
[PlyCount "84"]
[EventDate "2024.03.31"]
[EventType "swiss"]
[EventCountry "HUN"]
[SourceTitle "playchess.com"]
[Source "ChessBase"]
[SourceQuality "1"]
[TimeControl "5400+30"]

1. d4 d5 2. Nf3 e6 3. g3 Nf6 4. Bg2 c5 5. O-O b6 6. b3 Bb7 7. Bb2 Nbd7 8. a4 a6 9. e3 Rc8 10. Nbd2 c4 11. c3 b5 12. Re1 Qc7 13. Qc2 Bd6 14. e4 Nxe4 15. Nxe4 dxe4 16. Ng5 Nf6 17. axb5 axb5 18. Nxe4 Nxe4 19. Bxe4 Bxe4 20. Rxe4 O-O 21. Rh4 f5 22. Qe2 Rfe8 23. b4 e5 24. d5 Ra8 25. Rd1 e4 26. Bc1 g6 27. Qe3 Ra2 28. Qh6 Qg7 29. Qxg7+ Kxg7 30. Be3 h5 31. Bc5 Rd8 32. f3 g5 33. Rxh5 Kg6 34. Bxd6 Kxh5 35. Bc7 Rd7 36. fxe4 Rxc7 37. e5 Re2 38. d6 Rd7 39. Rd5 Kg6 40. Rxb5 Kf7 41. Kf1 Re4 42. g4 fxg4 0-1

[Event "Hungarian Youth-ch I 2024"]
[Site "Szolnok"]
[Date "2024.04.03"]
[Round "4.13"]
[White "Sass, Oscar"]
[Black "Tagai, Marton"]
[Result "0-1"]
[ECO "C47"]
[WhiteElo "1867"]
[BlackElo "1914"]
[Annotator "NA RC"]
[PlyCount "65"]
[EventDate "2024.03.31"]
[EventType "swiss"]
[EventCountry "HUN"]
[SourceTitle "playchess.com"]
[Source "ChessBase"]
[SourceQuality "1"]
[TimeControl "5400+30"]

1. e4 e5 2. Nf3 Nc6 3. Nc3 Nf6 4. d4 exd4 5. Nxd4 Bb4 6. Nxc6 bxc6 7. Bd3 d5 8. exd5 cxd5 9. O-O O-O 10. h3 Rb8 11. Qf3 Re8 12. Bf4 Ba5 13. Rab1 Bb7 14. Ne2 d4 15. Qg3 Nh5 16. Qg4 Nxf4 17. Nxf4 g6 18. h4 Qd6 19. h5 Bc8 20. Qh4 Bd2 21. hxg6 hxg6 22. Ne2 c5 23. Rbd1 Ba5 24. Ng3 Bd8 25. Qh6 Bg4 26. Rde1 Rxe1 27. Rxe1 Qf8 28. Qf4 Ba5 29. Re4 Be6 30. b3 Qd8 31. Rxe6 fxe6 32. Bxg6 Bc7 33. Qf7+ 0-1

[Event "Hungarian Youth-ch I 2024"]
[Site "Szolnok"]
[Date "2024.04.03"]
[Round "4.14"]
[White "Janosi, Bence"]
[Black "Jokai, Bence"]
[Result "0-1"]
[ECO "D37"]
[WhiteElo "1893"]
[BlackElo "1750"]
[Annotator "NA RC"]
[PlyCount "44"]
[EventDate "2024.03.31"]
[EventType "swiss"]
[EventCountry "HUN"]
[SourceTitle "playchess.com"]
[Source "ChessBase"]
[SourceQuality "1"]
[TimeControl "5400+30"]

1. d4 d5 2. c4 e6 3. Nc3 Nf6 4. Nf3 Nbd7 5. Bf4 dxc4 6. e4 Bb4 7. Bg5 b5 8. e5 h6 9. Bh4 g5 10. Nxg5 hxg5 11. Bxg5 Rg8 12. Bxf6 Nxf6 13. exf6 Qxf6 14. a3 Bxc3+ 15. bxc3 Bd7 16. Qc2 c5 17. Rd1 Bc6 18. Qh7 Ke7 19. Qh3 Rad8 20. a4 a6 21. Qe3 Rg5 22. dxc5 Re5 0-1

[Event "Hungarian Youth-ch I 2024"]
[Site "Szolnok"]
[Date "2024.04.03"]
[Round "4.15"]
[White "Meszaros-Csonka, David"]
[Black "Papai, Mate"]
[Result "1/2-1/2"]
[ECO "D00"]
[WhiteElo "1941"]
[BlackElo "1887"]
[Annotator "RC"]
[PlyCount "68"]
[EventDate "2024.03.31"]
[EventType "swiss"]
[EventCountry "HUN"]
[SourceTitle "playchess.com"]
[Source "ChessBase"]
[SourceQuality "1"]
[TimeControl "5400+30"]

1. d4 d5 2. Bg5 Nf6 3. Bxf6 exf6 4. e3 c6 5. c4 Be6 6. Qb3 Qc7 7. Nc3 Be7 8. Nf3 O-O 9. Bd3 Nd7 10. cxd5 cxd5 11. O-O Nb6 12. Rac1 Qd8 13. Nd2 Rc8 14. Na4 Nxa4 15. Qxa4 a6 16. Rc2 Rxc2 17. Qxc2 g6 18. Rc1 Qd7 19. Nb3 b6 20. Qc6 Qa7 21. Qc7 Ra8 22. Kf1 Kf8 23. Qxa7 Rxa7 24. Rc6 Bd8 25. Ke2 Ke7 26. Kd2 Kd7 27. Rc1 f5 28. f3 h5 29. f4 h4 30. Ke2 Be7 31. Nd2 Ra8 32. Nf3 Bf6 33. h3 b5 34. b4 Rc8 1/2-1/2

[Event "Hungarian Youth-ch I 2024"]
[Site "Szolnok"]
[Date "2024.04.03"]
[Round "4.16"]
[White "Li, Changxing"]
[Black "Minga-Nagy, Abel Inti"]
[Result "0-1"]
[ECO "B35"]
[WhiteElo "1755"]
[BlackElo "1929"]
[Annotator "RC"]
[PlyCount "46"]
[EventDate "2024.03.31"]
[EventType "swiss"]
[EventCountry "HUN"]
[SourceTitle "playchess.com"]
[Source "ChessBase"]
[SourceQuality "1"]
[TimeControl "5400+30"]

1. e4 c5 2. Nf3 Nc6 3. d4 cxd4 4. Nxd4 g6 5. Nc3 Bg7 6. Be3 Nf6 7. Bc4 Qa5 8. Nb3 Qb4 9. Bd3 Nxe4 10. Bxe4 Bxc3+ 11. bxc3 Qxe4 12. O-O d6 13. Re1 Qf5 14. Nd4 Nxd4 15. Bxd4 e5 16. Be3 Qe6 17. Bh6 Bd7 18. Rb1 Bc6 19. Qc1 O-O-O 20. Qa3 Qg4 21. f3 Bxf3 22. Re2 Bxe2 23. Qxa7 Bf3 0-1

[Event "Hungarian Youth-ch I 2024"]
[Site "Szolnok"]
[Date "2024.04.03"]
[Round "4.17"]
[White "Morovan-Szabo, Lorinc"]
[Black "Hangay, Oliver"]
[Result "0-1"]
[ECO "C50"]
[WhiteElo "1822"]
[BlackElo "1962"]
[Annotator "NA RC"]
[PlyCount "92"]
[EventDate "2024.03.31"]
[EventType "swiss"]
[EventCountry "HUN"]
[SourceTitle "playchess.com"]
[Source "ChessBase"]
[SourceQuality "1"]
[TimeControl "5400+30"]

1. e4 e5 2. Nf3 Nc6 3. Bc4 Bc5 4. d3 Nf6 5. Bg5 h6 6. Bh4 g5 7. Bg3 d6 8. c3 Be6 9. Bb3 Bb6 10. Bc2 Qe7 $15 11. Qe2 Rg8 12. Nbd2 O-O-O 13. Nb3 h5 14. h4 g4 15. Ng5 Bd7 16. Nd2 Rde8 17. Bb3 Nd8 18. Nc4 Rg7 19. Ne3 Bxe3 20. Qxe3 Kb8 21. f4 Ng8 22. f5 f6 23. Ne6 Nxe6 24. fxe6 Bxe6 25. Bf2 c5 26. Ba4 Bd7 27. Bb3 Bc6 28. c4 Rf7 29. O-O-O f5 30. Rhf1 f4 31. Qe2 g3 32. Be1 Qxh4 33. Qf3 Ref8 34. Rg1 Bd7 35. Rd2 Bg4 36. Qf1 Ne7 37. Bd1 Nc6 38. Rh1 Qg5 39. Bf3 Nd4 40. Rg1 Rh7 41. Rh1 Rfh8 42. Kd1 h4 43. Kc1 Bxf3 44. gxf3 h3 45. Rg1 h2 46. Rh1 Qh5 0-1

[Event "Hungarian Youth-ch I 2024"]
[Site "Szolnok"]
[Date "2024.04.03"]
[Round "4.18"]
[White "Nagy, Norbert"]
[Black "Golya, David"]
[Result "1-0"]
[ECO "B50"]
[WhiteElo "1629"]
[BlackElo "1672"]
[Annotator "NA RC"]
[PlyCount "99"]
[EventDate "2024.03.31"]
[EventType "swiss"]
[EventCountry "HUN"]
[SourceTitle "playchess.com"]
[Source "ChessBase"]
[SourceQuality "1"]
[TimeControl "5400+30"]

1. e4 c5 2. Nf3 d6 3. Nc3 Nf6 4. Bc4 g6 5. O-O Bg7 6. d4 cxd4 7. Nxd4 O-O 8. Be3 Nc6 9. Nde2 Bd7 10. h3 a6 11. a4 Ne5 12. Bb3 Qc8 13. f4 Nc4 14. Bxc4 Qxc4 15. e5 Ne4 16. Nd5 Rae8 17. Nb6 Qc6 18. Nxd7 Qxd7 19. Qd3 Qc6 20. Nd4 Nc5 21. Nxc6 Nxd3 22. cxd3 bxc6 23. d4 Rb8 24. Rac1 Rfc8 25. Rc2 c5 26. dxc5 dxe5 27. c6 exf4 28. c7 Rxb2 29. Rxb2 Bxb2 30. Bxf4 Bd4+ 31. Kh1 e5 32. Bh6 Rxc7 33. Rf6 Ra7 34. a5 Bc3 35. Rc6 Ra8 36. Rxc3 f5 37. g4 f4 38. Rc5 Re8 39. Kg2 Kf7 40. Kf3 e4+ 41. Kxf4 e3 42. Rc1 Kf6 43. g5+ Kf7 44. Re1 Rb8 45. Rxe3 Rb4+ 46. Ke5 Rb5+ 47. Kd6 Rxa5 48. Re7+ Kg8 49. Re8+ Kf7 50. Rf8# 1-0

[Event "Hungarian Youth-ch I 2024"]
[Site "Szolnok"]
[Date "2024.04.03"]
[Round "4.19"]
[White "Fan, Xiaotong"]
[Black "Zhao, Yichen"]
[Result "1-0"]
[ECO "C17"]
[WhiteElo "1731"]
[BlackElo "1673"]
[Annotator "NA RC"]
[PlyCount "65"]
[EventDate "2024.03.31"]
[EventType "swiss"]
[EventCountry "HUN"]
[SourceTitle "playchess.com"]
[Source "ChessBase"]
[SourceQuality "1"]
[TimeControl "5400+30"]

1. e4 e6 2. d4 d5 3. Nc3 Bb4 4. e5 c5 5. Bd2 cxd4 6. Nb5 Bxd2+ 7. Qxd2 Nc6 8. Nf3 Nge7 9. Bd3 h6 10. O-O-O O-O 11. Nbxd4 Qa5 12. Nxc6 Qxd2+ 13. Rxd2 Nxc6 14. Re1 Bd7 15. Kb1 a6 16. c4 Nb4 17. a3 Nxd3 18. Rxd3 Bc6 19. c5 a5 20. Nd4 Rfc8 21. f4 a4 22. Rc3 Rab8 23. g4 b5 24. cxb6 Rxb6 25. Rec1 Rcb8 26. Nxc6 Rxb2+ 27. Ka1 R8b3 28. Rxb3 Rxb3 29. Ka2 Rh3 30. Rc2 Rf3 31. f5 exf5 32. gxf5 Kh7 33. e6 1-0

[Event "Hungarian Youth-ch I 2024"]
[Site "Szolnok"]
[Date "2024.04.03"]
[Round "4.20"]
[White "Cser, Matyas"]
[Black "Botond, Laszlo"]
[Result "0-1"]
[ECO "B40"]
[WhiteElo "1420"]
[BlackElo "1831"]
[Annotator "NA RC"]
[PlyCount "134"]
[EventDate "2024.03.31"]
[EventType "swiss"]
[EventCountry "HUN"]
[SourceTitle "playchess.com"]
[Source "ChessBase"]
[SourceQuality "1"]
[TimeControl "5400+30"]

1. e4 c5 2. Nf3 e6 3. c3 Nc6 4. Bb5 Nge7 5. d3 b6 6. Bg5 Bb7 7. Bxc6 Bxc6 8. Nbd2 Qc7 9. O-O Ng6 10. a4 h6 11. Bh4 Bd6 12. Nc4 Bxh2+ 13. Nxh2 Nxh4 14. Qh5 Ng6 15. e5 O-O 16. f4 Ne7 17. Nd6 Nc8 18. Nxc8 Qxc8 19. Ng4 Kh7 20. Kf2 Rg8 21. Rh1 Qf8 22. Rh2 Rh8 23. Rah1 Kg8 24. Nf6+ gxf6 25. exf6 Rh7 26. g4 Qd6 27. Rg1 Qxf4+ 28. Ke1 Qe3+ 29. Kf1 Qxd3+ 30. Re2 Qf3+ 31. Ke1 Qxf6 32. Rh2 Qg5 33. Qh3 Qc1+ 34. Kf2 Qxb2+ 35. Kf1 Qc1+ 36. Kf2 Qd2+ 37. Kf1 Qg5 38. Qg3 Bxa4 39. Rh5 Qc1+ 40. Kg2 Qd2+ 41. Kh3 Bb5 42. Kh4 f6 43. Rg2 Qd3 44. Qf4 Qg6 45. Kg3 e5 46. Qd2 Qd3+ 47. Qxd3 Bxd3 48. Rgh2 a5 49. Rxh6 a4 50. Rxh7 Bxh7 51. Ra2 a3 52. Kf2 Bb1 53. Ra1 a2 54. Ke2 b5 55. Ke3 b4 56. Kd2 b3 57. Kc1 e4 58. c4 e3 59. Kd1 b2 60. Ke2 bxa1=Q 61. Kxe3 Qd4+ 62. Kf3 Ra3+ 63. Kg2 Qd2+ 64. Kg1 Rh3 65. g5 fxg5 66. Kf1 Bd3+ 67. Kg1 a1=R# 0-1